 Dungeon Crawl Stone Soup version 0.28.0 (webtiles) character file.

Game seed: 14014596055356420736

21 pkoi the Chopper (level 2, -1/26 HPs)
             Began as a Minotaur Gladiator on Feb 11, 2022.
             Slain by a gnoll (5 damage)
             ... on level 2 of the Dungeon.
             The game lasted 00:01:12 (830 turns).

pkoi the Chopper (Minotaur Gladiator)                Turns: 830, Time: 00:01:12

Health: -1/26      AC:  3    Str: 18    XL:     2   Next: 62%
Magic:  1/1        EV: 12    Int:  5    God:
Gold:   42         SH:  0    Dex: 11    Spells: 1/1 levels left

rFire   . . .      SeeInvis .   a - +0 war axe
rCold   . . .      Faith    .   (no shield)
rNeg    . . .      Spirit   .   b - +0 leather armour
rPois   .          Reflect  .   c - +0 hat
rElec   .          Harm     .   (no cloak)
rCorr   .          Rampage  .   (no gloves)
Will    .....                   (no boots)
Stlth   +.........              (no amulet)
HPRegen 0.08/turn               (no ring)
MPRegen 0.07/turn               (no ring)

@: no status effects
A: horns 2, retaliatory headbutt
a: no special abilities


You were on level 2 of the Dungeon.
You visited 1 branch of the dungeon, and saw 2 of its levels.

You collected 42 gold pieces.

Inventory:

Hand Weapons
 a - a +0 war axe (weapon)
Missiles
 d - 3 throwing nets (quivered)
Armour
 b - a +0 leather armour (worn)
 c - a +0 hat (worn)
Scrolls
 f - a scroll of immolation {unknown}
 g - a scroll of fog {unknown}
 h - a scroll of magic mapping {unknown}
Potions
 e - 3 potions of ambrosia {unknown}


   Skills:
 + Level 3.0 Fighting
 * Level 4.5 Axes
 - Level 2.0 Throwing
 - Level 3.2 Dodging


You had one spell level left.
You didn't know any spells.
Your spell library was empty.

Dungeon Overview and Level Annotations

Branches:
Dungeon (1/15)

Altars:

Shops:
D:1 :?=:


Innate Abilities, Weirdness & Mutations

You have a pair of horns on your head.
You reflexively headbutt those who attack you in melee.


Message History

You see here a +0 helmet.
h - a scroll labelled ATYOPI PECZEUZ You open the door.
There is an open door here.
A gnoll comes into view. It is wielding a +0 halberd.
The gnoll shouts!
A gnoll is nearby!
A gnoll comes into view. It is wielding a +0 spear.
You closely miss the gnoll. You headbutt the gnoll!
The gnoll is severely wounded.
The gnoll barely misses you. x2
You slash the gnoll!
You kill the gnoll!
The gnoll hits you from afar with a +0 spear.
Your Fighting skill increases to level 3!
The gnoll hits you with a +0 spear.
Things that are here:
a +0 halberd; a gnoll corpse You closely miss the gnoll.
The gnoll hits you with a +0 spear.
* * * LOW HITPOINT WARNING * * *
The gnoll hits you with a +0 spear!
* * * LOW HITPOINT WARNING * * *
You barely miss the gnoll. You headbutt the gnoll.
The gnoll is lightly wounded.
The gnoll hits you with a +0 spear.
* * * LOW HITPOINT WARNING * * *
You hit the gnoll.
The gnoll is heavily wounded.
The gnoll barely misses you.
You barely miss the gnoll. Your headbutt misses the gnoll.
The gnoll is heavily wounded.
The gnoll hits you with a +0 spear.
* * * LOW HITPOINT WARNING * * *
You hit the gnoll but do no damage.
The gnoll is heavily wounded.
The gnoll barely misses you. The gnoll misses you.
You completely miss the gnoll.
The gnoll is heavily wounded.
The gnoll hits you with a +0 spear.
You die...

#.# #####...
#......# #......#
+......# ####......#
..........###### ..
#.......@g..#
.>...###......####.#
.........#'####
#.........#
#.........#
#.........##
#..........#
#..........#
#.....[....#


You could see a gnoll.

Vanquished Creatures
  A gnoll (D:2)
  A hobgoblin (D:1)
  3 kobolds (D:1)
  A quokka (D:1)
  4 ball pythons (D:1)
  A bat (D:1)
  A goblin (D:1)
12 creatures vanquished.

Notes
Turn   | Place    | Note
-------+----------+-------------------------------------------
     0 | D:1      | pkoi the Minotaur Gladiator began the quest for the Orb.
     0 | D:1      | Reached XP level 1. HP: 18/18 MP: 0/0
    29 | D:1      | Found Weod's Book Emporium.
   220 | D:1      | Found Fodima Ydelo's Magic Scroll Shoppe.
   321 | D:1      | Reached skill level 4 in Axes
   366 | D:1      | Found a faded altar of an unknown god.
   383 | D:1      | Found Arewas's Book Boutique.
   543 | D:1      | Reached XP level 2. HP: 24/25 MP: 1/1
   734 | D:1      | Found Zozxifud's Jewellery Shoppe.
   800 | D:1      | You fall into a shaft and drop 1 floor!
   830 | D:2      | Slain by a gnoll

Illustrated notes

Levels and vault maps discovered:
D:1:      minmay_arrival_hallway, layout_loops_corners,
          shapermc_ecumenical_altar_venn, serial_shops, shop_statue,
          nicolae_diamond_shop, nicolae_shop_hallway_stairs,
          nicolae_shop_crystal, nicolae_concentric_dashed_squares_wild
D:2:      layout_basic, basic_altar

Skill      XL: |  1  2 |
---------------+-------+-----
Axes           | 4 |  4.5
Fighting       | 3 |  3.0
Throwing       | |  2.0
Dodging        | |  3.2

Action                   || total
-------------------------++-------
Melee: War axe           ||    26
       Headbutt          ||     3
Armor: Leather armour    ||     5
Dodge: Dodged            ||    20
